 Dungeon Crawl Stone Soup version 0.21.1-1-g345015f (webtiles) character file.

336 shakethe the Chopper (level 6, -5/49 HPs)
             Began as a Demonspawn Fighter on Feb 18, 2018.
             Slain by an ogre
             ... wielding a +0 giant club
              (19 damage)
             ... on level 4 of the Dungeon.
             The game lasted 00:07:02 (3956 turns).

shakethe the Chopper (Demonspawn Fighter)           Turns: 3956, Time: 00:07:03

Health: -5/49      AC:  9    Str: 22    XL:     6   Next: 28%
Magic:  6/6        EV:  7    Int: 11    God:
Gold:   207        SH:  9    Dex: 12    Spells: 5/5 levels left

rFire    . . .     SeeInvis .   a - +0 war axe
rCold    . . .     Gourm    .   c - +0 shield
rNeg     . . .     Faith    .   b - +0 scale mail
rPois    .         Spirit   .   (helmet restricted)
rElec    .         Reflect  .   (no cloak)
rCorr    .         Harm     .   (no gloves)
MR       .....                  o - +0 pair of boots (curse)
Stlth    ..........             (no amulet)
HPRegen  0.16/turn              (no ring)
MPRegen  0.10/turn              (no ring)

@: mighty
A: antennae 2, icy blue scales 1
a: no special abilities


You were on level 4 of the Dungeon.
You were near starving.

You visited 1 branch of the dungeon, and saw 4 of its levels.

You collected 207 gold pieces.

Inventory:

Hand Weapons
 a - a +0 war axe (weapon)
Armour
 b - a +0 scale mail (worn)
 c - a +0 shield (worn)
 o - a cursed +0 pair of boots (worn)
   (You found it on level 2 of the Dungeon)
Scrolls
 e - 2 scrolls of amnesia {unknown}
 j - a scroll of remove curse {unknown}
 l - 6 scrolls of identify {unknown}
 m - 2 scrolls of teleportation {unknown}
 n - 3 scrolls of noise {unknown}
 p - a scroll of enchant weapon {unknown}
 q - a scroll of enchant armour {unknown}
 t - a scroll of immolation {unknown}
Potions
 d - a potion of might
 g - a potion of magic {unknown}
 h - 2 potions of mutation {unknown}
 i - 3 potions of flight {unknown}
 k - 4 potions of curing {unknown}
 r - a potion of degeneration {unknown}
 s - a potion of brilliance {unknown}
Comestibles
 f - 6 rations


   Skills:
 + Level 4.7 Fighting
 * Level 5.1 Axes
 - Level 2.6 Armour
 - Level 2.6 Shields


You had 5 spell levels left.
You didn't know any spells.

Dungeon Overview and Level Annotations

Branches:
Dungeon (4/15)
 Temple: D:4-7

Altars:
Elyvilon
Fedhas
Kikubaaqudgha
Sif Muna


Innate Abilities, Weirdness & Mutations

You have a pair of antennae on your head.
You are partially covered in icy blue scales. (AC +2)


Message History

You see here a steaming helmet.
u - a steaming helmet You can't wear that with your antennae!
Drop what? 21/52 slots (_ for help) (? for menu, Esc to quit)
You drop a steaming helmet.
You open the door.
You see here a ring mail.
A jackal skeleton comes into view.
You now have 195 gold pieces (gained 19).
The jackal skeleton bites you but does no damage.
You block the jackal skeleton's attack. The jackal skeleton barely misses you.
Your shield and scale mail prevent you from hitting the jackal skeleton.
The jackal skeleton bites you but does no damage.
Your shield and scale mail prevent you from hitting the jackal skeleton.
The jackal skeleton bites you but does no damage.
The jackal skeleton bites you.
You take 2 damage, and have 47/49 hp.
You slash the jackal skeleton!
You destroy the jackal skeleton!
You open the door.
There is an open door here.
Health restored: 49
k - 4 ruby potions (gained 1)
l - 6 scrolls labeled PUUTZE ESKOMES (gained 1)
You open the door.
There is an open door here.
You open the door.
There is an open door here.
You sense a monster nearby.
An iguana comes into view.
The iguana hisses angrily.
The iguana bites you.
You take 1 damage, and have 48/49 hp.
You hit the iguana but do no damage.
The iguana bites you but does no damage.
You completely miss the iguana. The iguana barely misses you.
You block the iguana's attack.
You hit the iguana. The iguana bites you!
You take 7 damage, and have 41/49 hp.
You hit the iguana. The iguana bites you. You block the iguana's attack.
You take 3 damage, and have 38/49 hp.
You hit the iguana.
The iguana bites you but does no damage.
You hit the iguana.
The iguana bites you but does no damage.
You closely miss the iguana.
The iguana bites you but does no damage. x2
You hit the iguana. The iguana barely misses you.
You barely miss the iguana.
You are feeling hungry.
You block the iguana's attack.
You closely miss the iguana. You block the iguana's attack.
The iguana bites you!
You take 8 damage, and have 31/49 hp.
You completely miss the iguana. The iguana barely misses you.
You hit the iguana. The iguana closely misses you.
Your shield prevents you from hitting the iguana.
The iguana completely misses you. The iguana bites you!
You take 6 damage, and have 25/49 hp.
You hit the iguana.
You kill the iguana!
You start resting.
Health restored: 49 You are feeling very hungry.
A quokka skeleton comes into view.
You hit the quokka skeleton.
You destroy the quokka skeleton!
You sense a monster nearby.
You now have 207 gold pieces (gained 12).
An ogre comes into view. It is wielding a giant club.
You slash the ogre! The ogre hits you with a giant club!
You take 17 damage, and have 32/49 hp.
MASSIVE DAMAGE!!
You barely miss the ogre. You block the ogre's attack.
The ogre hits you with a giant club!
You take 16 damage, and have 16/49 hp.
MASSIVE DAMAGE!!
You aren't carrying any items that you can evoke.
The ogre hits you with a giant club!
* * * LOW HITPOINT WARNING * * *
You take 10 damage, and have 11/49 hp.
MASSIVE DAMAGE!!
That item cannot be evoked!
There is an open door here.
There is an open door here.
There is an open door here.
You see here a ring mail.
You are near starving!
There is a stone staircase leading down here.
You see here a robe.
There is a stone staircase leading up here.
You feel very mighty all of a sudden. The ogre hits you with a giant club!!
* * * LOW HITPOINT WARNING * * *
You take 20 damage, and have 14/49 hp.
MASSIVE DAMAGE!!
You slice the ogre!! The ogre hits you but does no damage.
You completely miss the ogre. The ogre hits you with a giant club!!
You die...

###.#.# #.#.# #.#.#
############.#.#
.............#.#
##############.#
#.....#...#
#.###.#.###########
####.# #.#...O@.......
#....#
#.######################
#.####
#.#....................#
###.#
#.#.##################.#
....# #........... ..#
##### #.##.####### ####
######


You could see an ogre.

Vanquished Creatures
  The ghost of Solrac the Magician, an amateur DEFE of Gozag (D:3)
  An iguana (D:4)
  A worker ant (D:2)
  4 gnolls (D:3)
  7 adders
  A dart slug (D:2)
  2 leopard geckos
  5 giant cockroaches
  8 hobgoblins
  5 jackals (D:2)
  6 kobolds
  A ball python (D:2)
  10 bats
  6 frilled lizards
  13 goblins
  A jackal skeleton (D:4)
  A quokka skeleton (D:4)
  11 rats
84 creatures vanquished.

Notes
Turn   | Place    | Note
-------+----------+-------------------------------------------
     0 | D:1      | shakethe the Demonspawn Fighter began the quest for the Orb.
     0 | D:1      | Reached XP level 1. HP: 18/18 MP: 1/1
    38 | D:1      | Reached skill level 2 in Axes
   223 | D:1      | Gained mutation: You are partially covered in icy blue scales. (AC +2) [demonic ancestry]
   223 | D:1      | Reached XP level 2. HP: 20/24 MP: 2/2
   949 | D:2      | Reached XP level 3. HP: 27/29 MP: 3/3
   984 | D:2      | Reached skill level 3 in Axes
  1199 | D:2      | Found an ancient bone altar of Kikubaaqudgha.
  1243 | D:2      | Reached XP level 4. HP: 27/37 MP: 4/4
  1332 | D:2      | Found a white marble altar of Elyvilon.
  1659 | D:3      | Noticed Solrac's ghost (amateur DEFE)
  1699 | D:2      | Reached skill level 4 in Fighting
  1964 | D:3      | Reached skill level 4 in Axes
  2031 | D:3      | Gained mutation: You have a pair of small antennae on your head. [demonic ancestry]
  2031 | D:3      | Reached XP level 5. HP: 27/42 MP: 5/5
  2176 | D:3      | HP: 10/42 [Solrac's ghost/flame tongue (1)]
  2177 | D:3      | Killed Solrac's ghost
  2482 | D:3      | Found a deep blue altar of Sif Muna.
  2482 | D:3      | Found a blossoming altar of Fedhas.
  2529 | D:3      | HP: 10/43 [poisoned by a goblin]
  2537 | D:3      | HP: 10/43 [poisoned by a goblin]
  3023 | D:3      | Gained mutation: You have a pair of antennae on your head. [demonic ancestry]
  3023 | D:3      | Reached XP level 6. HP: 42/49 MP: 6/6
  3127 | D:3      | Reached skill level 5 in Axes
  3454 | D:4      | Got a steaming helmet
  3809 | D:4      | HP: 11/49 [ogre/giant club (10)]
  3956 | D:4      | Slain by an ogre

Skill      XL: |  1  2  3  4  5  6 |
---------------+-------------------+-----
Axes           | 2 3 4 5 |  5.1
Fighting       | 4 |  4.7
Armour         | |  2.6
Shields        | |  2.6

Action                   |  1- 3 |  4- 6 || total
-------------------------+-------+-------++-------
Melee: War axe           |   121 |   155 ||   276
  Use: Potion            |       |     1 ||     1
  Eat: Chunk             |     1 |     4 ||     5
       Ration            |       |     1 ||     1
Armor: Scale mail        |    82 |    87 ||   169
Dodge: Dodged            |    31 |    38 ||    69
Block: Shield            |    69 |    83 ||   152

Vault maps used:
D:1:      dpeg_arrival_short_road, minmay_ruptured
D:2:      cheibrodos_greedy_goblins, overflow_temple_1_default,
          nicolae_overflow_hidden_temple
D:3:      chequers_temple_overflow_statue_of_worship, first_ration
D:4:      grunt_gozag_statues, gammafunk_temple_overflow_wave

Table legend:
 A = Turns spent in this place as a percentage of turns spent in the entire game.
 B = Non-inter-level travel turns spent in this place as a percentage of non-inter-level travel turns spent in the entire game.
 C = Inter-level travel turns spent in this place as a percentage of turns spent in this place.
 D = Turns resting spent in this place as a percentage of non-inter-level travel turns spent in this place.
 E = Turns spent auto-exploring this place as a percentage of non-inter-level travel turns spent in this place.
 F = Non-inter-level travel turns spent in this place divided by the number of levels of this place that you've seen.
                   A       B       C       D       E      F
               +-------+-------+-------+-------+-------+----------------------
         Total | 100.0 | 100.0 |   0.6 |  30.6 |  40.2 | 983.5
       Dungeon | 100.0 | 100.0 |   0.6 |  30.6 |  40.2 | 983.5
               +-------+-------+-------+-------+-------+----------------------

Table legend:
 A = Kills in this place as a percentage of kills in entire the game.
 B = Kills by you in this place as a percentage of kills by you in the entire game.
 C = Kills by friends in this place as a percentage of kills by friends in the entire game.
 D = Other kills in this place as a percentage of other kills in the entire game.
 E = Experience gained in this place as a percentage of experience gained in the entire game.
 F = Experience gained in this place divided by the number of levels of this place that you have seen.
                   A       B       C       D       E      F
               +-------+-------+-------+-------+-------+----------------------
         Total | 100.0 | 100.0 |   N/A |   N/A | 100.0 | 120.0
       Dungeon | 100.0 | 100.0 |   N/A |   N/A | 100.0 | 120.0
               +-------+-------+-------+-------+-------+----------------------
